[Event "Israel Team Championship 2025"]
[Site "Israel"]
[Date "2025.01.17"]
[Round "3.1"]
[White "Eljanov, Pavel"]
[Black "Tzidkiya, Yeshaayahu"]
[Result "1-0"]
[Annotator "TA"]
[ECO "D78"]
[WhiteElo "2656"]
[BlackElo "2479"]
[PlyCount "75"]
[EventDate "2025.01.07"]
[EventType "team-tourn"]
[EventCountry "ISR"]
[SourceTitle "playchess.com"]
[Source "ChessBase"]
[SourceQuality "1"]
[TimeControl "40/5400+30:1800+30"]

1. d4 Nf6 2. c4 g6 3. g3 c6 4. Bg2 d5 5. Nf3 Bg7 6. O-O O-O 7. Qa4 dxc4 8. Qxc4 Bf5 9. Nc3 Nbd7 10. Re1 Ne4 11. Qb3 Nd6 12. e4 Bg4 13. Be3 b5 (13... Qb6 $11 {keeps the balance.}) 14. Nd2 Nb6 15. h3 Bd7 16. Rad1 $36 {[%emt 0:00:47][%mdl 2048] White is pushing.} Ndc4 17. Nxc4 Nxc4 18. Bg5 h6 19. Bc1 Qb6 ({Black should play} 19... a5 $14) 20. Qc2 $16 Rac8 21. b3 Nd6 22. e5 Nf5 23. Ne4 {[%emt 0:00:10] White is more active.} Be6 (23... Nxd4 $2 24. Qc5 $18) (23... Rcd8 $16 {was worth a try.}) 24. Nc5 $18 Rcd8 25. Nxe6 fxe6 {[%emt 0:00:02] [#]} 26. Be3 $1 (26. Qxc6 $6 Qxc6 27. Bxc6 Nxd4 $11) 26... c5 (26... Kh7 $142 27. Qxc6 (27. Bxc6 Rc8 $16) 27... h5 28. Qxb6 axb6) 27. dxc5 (27. Qxc5 Qxc5 28. dxc5 Rxd1 29. Rxd1 Nxe3 30. fxe3 Bxe5 $16) 27... Qc7 28. Rxd8 Rxd8 29. c6 ({Don't take} 29. b4 a5 30. f4 axb4 $18) 29... Qxe5 30. Bd2 {[%emt 0:02:26] Prevents Qc3. A strong pair of Bishops.} (30. c7 Rc8 $16) 30... Qd6 31. Ba5 ({Not} 31. Bf4 e5 $18) 31... Rc8 32. Qe4 e5 33. c7 Kf8 (33... Rxc7 $142 34. Qd5+ (34. Bxc7 Qxc7 35. Qb1 Qd6 $18) 34... Qxd5 35. Bxd5+ e6 36. Bxc7 (36. Bxe6+ Rf7 $18) 36... exd5 37. Bxe5 d4 38. Bxg7 Kxg7) 34. Qb7 Qd7 35. Qc6 Qd6 36. g4 Qa3 37. Qe6 Nd6 {[%emt 0:00:29] [#]} 38. Bd5 $1 1-0

[Event "Israel Team Championship 2025"]
[Site "Israel"]
[Date "2025.01.17"]
[Round "3.2"]
[White "Baron, Tal"]
[Black "Smirin, Ilia"]
[Result "1/2-1/2"]
[Annotator "TA"]
[ECO "B09"]
[WhiteElo "2441"]
[BlackElo "2581"]
[PlyCount "65"]
[EventDate "2025.01.07"]
[EventType "team-tourn"]
[EventCountry "ISR"]
[SourceTitle "playchess.com"]
[Source "ChessBase"]
[SourceQuality "1"]
[TimeControl "40/5400+30:1800+30"]

1. e4 d6 2. d4 Nf6 3. Nc3 g6 4. f4 Bg7 5. Nf3 O-O 6. Bd3 Nc6 7. O-O e5 8. d5 Nd4 9. f5 (9. fxe5 $14 {deserves consideration.} dxe5 10. Nxe5) 9... c6 $11 10. fxg6 fxg6 11. Bg5 Bg4 12. Qd2 Bxf3 13. gxf3 Qb6 14. Kh1 Nh5 (14... Qxb2 15. Rab1 Qa3 16. Rxb7 $16) 15. Be3 {[%emt 0:00:30] [#]} (15. dxc6 $15 bxc6 16. Na4) 15... Qd8 ({Much worse is} 15... Rxf3 16. Rxf3 Nxf3 17. Bxb6 $11) (15... Qxb2 $6 16. Rab1 Qa3 17. Rxb7 $14) (15... Nxf3 16. Rxf3 c5 17. Rff1 $18) ({Black should play} 15... c5 $1 $17 16. b3 Qd8 (16... Nxf3 17. Qg2 $17) (16... Rxf3 17. Rxf3 Nxf3 18. Qg2 $15)) 16. Qg2 Kh8 17. Rad1 Nf4 18. Bxf4 Rxf4 19. dxc6 bxc6 20. Ne2 Nxe2 21. Bxe2 d5 22. exd5 cxd5 23. c4 d4 24. Bd3 Qe7 25. Be4 Rb8 26. Rd3 Bh6 27. Qc2 Rbf8 28. Rb3 Qh4 {[%emt 0:02:11][%cal Of4e4] and ...Rxe4! would now be decisive} 29. Rg1 R4f7 30. Rg4 Qe1+ 31. Rg1 Qh4 32. Rg4 Qe1+ 33. Rg1 1/2-1/2

[Event "Israel Team Championship 2025"]
[Site "Israel"]
[Date "2025.01.17"]
[Round "3.3"]
[White "Sutovsky, Emil"]
[Black "Flom, Gabriel"]
[Result "1-0"]
[Annotator "TA"]
[ECO "B07"]
[WhiteElo "2590"]
[BlackElo "2458"]
[PlyCount "47"]
[EventDate "2025.01.07"]
[EventType "team-tourn"]
[EventCountry "ISR"]
[SourceTitle "playchess.com"]
[Source "ChessBase"]
[SourceQuality "1"]
[TimeControl "40/5400+30:1800+30"]

1. e4 d6 2. d4 Nf6 3. f3 e5 4. dxe5 dxe5 5. Qxd8+ Kxd8 6. Bc4 Ke8 7. Be3 Nbd7 8. a4 a5 9. Na3 c6 {[%emt 0:00:58] Against Nb5} 10. Ba2 Bc5 11. Bxc5 Nxc5 12. Nc4 Nfd7 $1 13. Nd6+ Ke7 14. O-O-O $1 (14. Nxf7 Rf8 15. Ng5 h6 $17) 14... f6 15. Nf5+ Kf8 $1 16. h4 h5 (16... Nxa4 17. h5 $16) 17. g4 g6 ({Much worse is} 17... Nxa4 18. gxh5 Rxh5 19. Ne2 $16) 18. Nd6 Ke7 {[%emt 0:05:31] [#]} (18... hxg4 $14 19. fxg4 Nb6) 19. gxh5 $1 $18 Rxh5 {[%emt 0:00:14] [#]} 20. Ne2 $1 {[%emt 0:00:51][%cal Bg1e2,Be2g3,Bg3f5][%mdl 32] Hoping for Ng3.} Nf8 (20... Rh8 $142 21. Ng3 Nb6) 21. Ng3 Rh8 22. h5 gxh5 $2 (22... Be6 23. hxg6 Nxg6 24. Ngf5+ Kf8 25. Nxb7 Bxf5 26. exf5 (26. Nxc5 Rxh1 27. Rxh1 Bc8 $18) 26... Nxb7 27. fxg6 Kg7 28. Rd7+ Kxg6 29. Rg1+ Kf5 30. Rxb7 Rad8) 23. Nxc8+ (23. Rxh5 Rxh5 24. Nxh5 Be6 $16) (23. Nxh5 Be6 $11) 23... Rxc8 24. Nf5+ ({Inferior is} 24. Rxh5 Rxh5 25. Nxh5 Nfd7 $15 (25... Nxa4 26. Ng7 $15)) (24. Nxh5 Rd8 25. Rdg1 Nfe6 $11) 1-0

[Event "Israel Team Championship 2025"]
[Site "Israel"]
[Date "2025.01.17"]
[Round "3.4"]
[White "Deutsch, Eyal"]
[Black "Alekseev, Evgeny"]
[Result "1/2-1/2"]
[Annotator "TA"]
[ECO "A45"]
[WhiteElo "2286"]
[BlackElo "2518"]
[PlyCount "90"]
[EventDate "2025.01.07"]
[EventType "team-tourn"]
[EventCountry "ISR"]
[SourceTitle "playchess.com"]
[Source "ChessBase"]
[SourceQuality "1"]
[TimeControl "40/5400+30:1800+30"]

1. d4 Nf6 2. Bg5 e6 3. Nd2 h6 4. Bh4 d6 5. e4 Nbd7 6. f3 Be7 7. Bf2 c6 8. c4 O-O 9. Ne2 a6 10. Nf4 b5 11. Qc2 bxc4 12. Bxc4 d5 13. Be2 dxe4 14. fxe4 e5 15. dxe5 Nxe5 16. h3 Bd6 17. O-O {[%emt 0:00:58] [#]} Neg4 $1 18. Bxg4 Nxg4 19. Nd3 Nxf2 20. Rxf2 Be6 21. Nf3 Qb6 22. Kh1 Rfd8 23. Rd2 c5 24. b3 (24. e5 $1 $11 Bc7 25. Qxc5) 24... Rac8 (24... c4 $5 25. bxc4 Rdc8 $14) 25. Nb2 Bf4 26. Rxd8+ Qxd8 27. Qe2 {[%emt 0:02:36] White is weak on the dark squares} Qa5 28. Qc2 Rd8 (28... c4 $17 {...cxb3 is the strong threat.} 29. Nxc4 Qh5) 29. Nd3 $1 $11 Bd6 30. Nb2 (30. e5 $1 $11 {remains equal.} Bf8 31. Nf4) 30... Be7 31. Nc4 Qc7 32. Rd1 Rxd1+ 33. Qxd1 Qf4 34. Qd3 Qc1+ 35. Kh2 Qf4+ 36. Kg1 Qc1+ 37. Kf2 Qa1 38. Qe2 Bd8 39. Qb2 Qxb2+ 40. Nxb2 {[%emt 0:00:12][%mdl 4096] Endgame KBB-KNN} Kf8 41. Ke3 Ke7 42. Ne5 Kd6 {[%emt 0:00:40] Against Nc6} 43. Nbc4+ Kc7 44. Kd3 Bf6 45. Ng4 Ba1 1/2-1/2

[Event "Israel Team Championship 2025"]
[Site "Israel"]
[Date "2025.01.17"]
[Round "3.5"]
[White "Kogan, Arthur"]
[Black "Tarnopolsky, Anatoly"]
[Result "1-0"]
[Annotator "TA"]
[ECO "B12"]
[WhiteElo "2462"]
[BlackElo "2302"]
[PlyCount "55"]
[EventDate "2025.01.07"]
[EventType "team-tourn"]
[EventCountry "ISR"]
[SourceTitle "playchess.com"]
[Source "ChessBase"]
[SourceQuality "1"]
[TimeControl "40/5400+30:1800+30"]

1. e4 c6 2. d4 d5 3. e5 c5 4. dxc5 e6 5. Qg4 h5 6. Qf4 Bxc5 7. Nc3 Nh6 8. Nf3 Ng4 (8... Nc6 {simplifies} 9. Bd3 Nb4 10. O-O Nxd3 11. cxd3 Nf5) 9. Bb5+ Bd7 $1 {[%emt 0:03:05][%cal Od7b5] ...Bxb5! would now be deadly.} 10. O-O (10. h3 $11 Nxf2 (10... Bxf2+ $2 11. Ke2 $18) 11. Bxd7+ Qxd7 (11... Nxd7 12. Rf1 $14) 12. Rf1) 10... Bxb5 (10... Qb6 $15 11. Bxd7+ Nxd7) 11. Nxb5 $11 Qb6 12. Nd6+ Bxd6 13. exd6 $40 {[%emt 0:00:02][%mdl 128] White attacks.} Nd7 14. h3 Ngf6 15. c4 dxc4 16. Rd1 Rc8 17. Ne5 Nxe5 18. Qxe5 O-O {[%emt 0:02:41] [#]} (18... Qc5 $11 19. Qg3 (19. d7+ Nxd7 20. Qxg7 Qe5 $15) 19... Rh7 (19... O-O $2 20. d7 $18)) 19. Bh6 $1 $16 gxh6 20. Qxf6 Rc5 $2 (20... Kh7 $16 21. d7 Rcd8) 21. d7 $1 $18 (21. Qxh6 Qxb2 $11) 21... Rf5 {[%emt 0:03:30] [#]} 22. Qe7 $1 (22. d8=Q $2 Qxf2+ (22... Rxd8 $2 23. Rxd8+ $18) 23. Kh2 Rxf6 $19) 22... Rd8 23. Rd2 {[%emt 0:00:22] Black must now prevent Rc1. Active counter play!} Qc7 24. Rad1 Kg7 (24... Rg5 {might work better.} 25. Rd6 Rf5) 25. Rd4 (25. Re2 $142 Qb6 26. Re3) 25... b5 $2 {[%emt 0:00:29] [#]} (25... Qb6 26. R4d2 (26. Rxc4 Qxf2+ 27. Kh2 Rg5 $17) 26... Rd5) 26. a4 $2 a6 $2 (26... bxa4 $11 {and Black has nothing to worry.} 27. Kh1 Rxf2 (27... a3 28. Qxa3 Rd5 29. Rxd5 $16)) 27. Rd6 Rg5 (27... Rf6 $142 28. axb5 (28. Rxa6 b4 $18) 28... axb5) 28. Rxe6 1-0

[Event "Israel Team Championship 2025"]
[Site "Israel"]
[Date "2025.01.17"]
[Round "3.6"]
[White "Solomon, Asif"]
[Black "Golod, Vitali"]
[Result "0-1"]
[Annotator "TA"]
[ECO "E16"]
[WhiteElo "2142"]
[BlackElo "2487"]
[PlyCount "116"]
[EventDate "2025.01.07"]
[EventType "team-tourn"]
[EventCountry "ISR"]
[SourceTitle "playchess.com"]
[Source "ChessBase"]
[SourceQuality "1"]
[TimeControl "40/5400+30:1800+30"]

1. d4 Nf6 2. c4 e6 3. Nf3 Bb4+ 4. Bd2 a5 5. g3 b6 6. Bg2 Bb7 7. O-O O-O 8. Bf4 Nh5 9. Bc1 Be7 10. Qc2 Nf6 11. Nc3 d5 12. Ne5 (12. cxd5 {simplifies} exd5 13. Rd1 Nbd7 14. Bf4) 12... c6 13. Rd1 Nfd7 14. cxd5 cxd5 15. Nxd7 Qxd7 16. Qb3 (16. e4 $14) 16... a4 $15 17. Qb5 (17. Qxb6 $2 Bc6 18. Bf4 Rc8 $19) 17... Rc8 (17... Nc6 $5 18. Qd3 (18. Qxb6 $2 Bc8 $19) (18. Nxa4 $2 Ba6 $17) 18... Rfc8 $15) 18. Qxd7 Nxd7 19. a3 Bc6 20. Bf4 b5 21. e4 Nb6 22. exd5 Nxd5 23. Bxd5 Bxd5 24. Nxb5 {[%emt 0:01:26] White is weak on the light squares} g5 25. Be3 Rc2 {[%emt 0:04:15][%mdl 1024] Black has compensation.} 26. Bc1 (26. Rd2 $15 Rxd2 27. Bxd2) 26... Bb3 $17 {[%emt 0:00:55] Black has more active pieces.} 27. Rd2 Rac8 28. Nc3 Rb8 29. Rxc2 Bxc2 30. d5 Bf6 31. dxe6 fxe6 32. f4 ({White should play} 32. Kf1 $15) 32... gxf4 33. gxf4 Kf7 34. Kf2 h5 35. Ke2 Rc8 (35... h4 $17 {aiming for ...Rg8.} 36. Ke3 Rb3) 36. Bd2 $11 Rb8 ({Black should play} 36... Rg8 $11 37. Rf1 Rg2+ 38. Rf2 Rxf2+ (38... Bd3+ 39. Ke3 $11) 39. Kxf2 e5) 37. Bc1 $1 $17 h4 38. Kd2 Bb3 39. Kd3 Rg8 40. Bd2 Rg2 41. Rh1 h3 42. Ne4 Bxb2 43. Ng5+ Kg6 44. Bb4 Bc2+ 45. Ke3 Bf5 46. Nf3 Kh5 {[%emt 0:05:45] Repels Nh4} 47. Bd6 $2 (47. Nd4 $17) 47... Rc2 $19 48. Rg1 Bg4 {[%emt 0:03:26] This pair of bishops is nice.} 49. Ne5 Re2+ 50. Kd3 Bxe5 51. fxe5 $2 (51. Bxe5 Rxh2 52. f5 Bxf5+ (52... Re2 $2 53. Bc7 $19) 53. Ke3) 51... Rxh2 {[%emt 0:00:17][%mdl 4096] Endgame KRB-KRB. Black is a pawn up.} 52. Ke3 (52. Kc3 $142) 52... Rb2 53. Kf4 h2 54. Rc1 Kh4 55. Be7+ Kh3 56. Rc8 Rf2+ 57. Ke3 Rf3+ ({Less strong is} 57... h1=R 58. Kxf2 Rh2+ 59. Ke3 $15) 58. Ke4 h1=Q 0-1

[Event "Israel Team Championship 2025"]
[Site "Israel"]
[Date "2025.01.17"]
[Round "3.7"]
[White "Predke, Alexandr"]
[Black "Peng, Li Min"]
[Result "1/2-1/2"]
[Annotator "TA"]
[ECO "B90"]
[WhiteElo "2631"]
[BlackElo "2518"]
[PlyCount "54"]
[EventDate "2025.01.07"]
[EventType "team-tourn"]
[EventCountry "ISR"]
[SourceTitle "playchess.com"]
[Source "ChessBase"]
[SourceQuality "1"]
[TimeControl "40/5400+30:1800+30"]

1. e4 c5 2. Nf3 d6 3. d4 cxd4 4. Nxd4 Nf6 5. Nc3 a6 6. Be3 Ng4 7. Bg5 h6 8. Bh4 g5 9. Bg3 Bg7 10. h3 Ne5 11. Nf5 Bxf5 12. exf5 Nbc6 13. Nd5 e6 14. fxe6 fxe6 15. Ne3 Qa5+ 16. c3 Nf3+ 17. gxf3 (17. Qxf3 {feels hotter.} Bxc3+ 18. Kd1 Bxb2 19. Qe4) 17... Bxc3+ $1 18. bxc3 Qxc3+ 19. Qd2 Qxa1+ 20. Nd1 Qd4 21. Bd3 (21. Bxd6 $2 Qxd2+ 22. Kxd2 O-O-O $19) (21. Ne3 {simplifies} Qxd2+ 22. Kxd2 b5 23. f4) 21... Ne5 22. Bg6+ Ke7 23. Bxe5 (23. Qxd4 Nxf3+ (23... Nxg6 $2 {perishes.} 24. Qg7+ Kd8 25. Bxd6 $18) 24. Kf1 Nxd4 $14) 23... Qxd2+ 24. Kxd2 dxe5 25. Ne3 Rad8+ 26. Ke2 b5 27. Be4 h5 1/2-1/2

[Event "Israel Team Championship 2025"]
[Site "Israel"]
[Date "2025.01.17"]
[Round "3.8"]
[White "Aizenberg, Benny"]
[Black "Mikhalevski, Victor"]
[Result "1/2-1/2"]
[Annotator "TA"]
[ECO "C80"]
[WhiteElo "2426"]
[BlackElo "2503"]
[PlyCount "137"]
[EventDate "2025.01.07"]
[EventType "team-tourn"]
[EventCountry "ISR"]
[SourceTitle "playchess.com"]
[Source "ChessBase"]
[SourceQuality "1"]
[TimeControl "40/5400+30:1800+30"]

1. e4 e5 2. Nf3 Nc6 3. Bb5 a6 4. Ba4 Nf6 5. O-O Nxe4 6. d4 b5 7. Bb3 d5 8. Nxe5 Nxe5 9. dxe5 c6 10. Nd2 Nxd2 11. Qxd2 Bf5 12. a4 Be7 13. Qf4 Bg6 14. Be3 O-O 15. c3 Qd7 16. Bd1 Bf5 17. g4 Be4 18. f3 (18. g5 {is interesting.} Qh3 19. Qg4 Bf5 20. Qxh3 Bxh3 21. Re1) 18... Bg6 19. Qg3 f6 20. exf6 Bxf6 21. f4 Be4 22. Bf3 Bxf3 23. Qxf3 Rae8 24. axb5 axb5 25. Bc5 Be7 26. Bd4 Bf6 27. Bxf6 Rxf6 28. f5 {[%emt 0:00:15] Repels Rfe6} Rf7 29. h3 Rfe7 30. f6 Rf7 31. g5 Ref8 32. Qg3 gxf6 33. Rxf6 Qe8 34. Re1 Re7 35. Ref1 Ref7 36. Kh2 Qe4 37. R1f2 ({Better is} 37. R1f4 $14 Qe2+ 38. Rf2) 37... d4 $1 $11 38. cxd4 Qxd4 39. h4 Qd1 $2 {[%emt 0:01:44][%mdl 8192] [#]} (39... c5 $11) 40. Rxf7 $1 $18 Rxf7 {[%emt 0:00:01][%mdl 4096] Endgame KQR-KQR} 41. Qb8+ Kg7 42. Qe5+ Kf8 43. Qh8+ Ke7 44. Rxf7+ Kxf7 45. Qxh7+ {[%emt 0:00:07] KQ-KQ. White is a pawn up.} Kf8 46. Qf5+ Kg7 47. Qe5+ $2 (47. Qf6+ $18 Kg8 48. Qg6+ (48. Qxc6 Qe2+ 49. Kh3 Qxb2 $16) 48... Kh8 49. Qf6+ (49. Qxc6 Qe2+ 50. Kg3 Qxb2 $18) 49... Kh7 50. g6+ (50. Qxc6 Qd2+ 51. Qg2 Qf4+ 52. Kh3 Qf5+ 53. Kg3 Qe5+ 54. Kg4 Qe6+ 55. Kf4 Qd6+ 56. Ke3 Qc5+ 57. Kd2 Qd4+ 58. Kc1 Qf4+ 59. Qd2 Qf1+ 60. Kc2 Qc4+ 61. Qc3 Qf7 $18) 50... Kh6 51. Qf7 (51. Qxc6 Qe2+ 52. Qg2 Qe5+ 53. Kh3 Qf5+ 54. Kh2 Qe5+ 55. Qg3 Qxb2+ 56. Kh3 Qf6 $11) 51... Qe2+ 52. Kg3 Qe3+ 53. Kg4 Qe2+ 54. Kf5 Qh5+ 55. Ke6 Qd5+ 56. Ke7 Qe5+ 57. Kd7 Qd4+ 58. Kc8 (58. Kxc6 Qe4+ 59. Kc7 Qe5+ 60. Kc8 Qh8+ 61. Kb7 b4 $18) 58... Qh8+ 59. Kd7) 47... Kg6 $16 48. Qe4+ Kh5 (48... Kg7 $16 49. Qxc6 Qe2+ 50. Kg3 (50. Qg2 Qe3 $16) 50... Qxb2) 49. b4 $2 ({Not} 49. Qxc6 Qe2+ 50. Kg3 (50. Qg2 Qe5+ 51. Kh3 Qf5+ 52. Kg3 Qe5+ 53. Kf3 Qd5+ 54. Kg3 Qe5+ 55. Kh3 Qe6+ 56. Kg3 Qg4+ 57. Kf2 Qd4+ 58. Kf3 Qd5+ 59. Kg3 Qd6+ 60. Kf2 Qd4+ 61. Ke1 Qxh4+ 62. Ke2 Qc4+ 63. Kd1 Qa4+ 64. Kc1 Qa1+ 65. Kc2 Qa4+ 66. Kd2 Qf4+ 67. Kd1 Qf5 $11) 50... Qg4+ 51. Kf2 Qxh4+ 52. Ke3 Qe1+ 53. Kf4 Qd2+ 54. Kg3 Qxg5+ 55. Kf3 Qf5+ 56. Ke2 Qe5+ 57. Kd1 Qxb2 $11) (49. Kg3 $18 Qg1+ 50. Qg2 Qe1+ (50... Qxg2+ $2 51. Kxg2 c5 52. Kf3 $18) 51. Kf4 Qc1+ 52. Kf5 Qc5+ 53. Ke6) 49... c5 $1 $11 50. bxc5 b4 51. g6 Qd2+ 52. Kg3 {[%emt 0:00:00] White wants to mate with g7.} Kh6 53. c6 {[%emt 0:05:04][%cal Og6g7] and g7! would now be decisive} b3 54. g7 Qc3+ 55. Kf4 Kxg7 56. Qe7+ Kh6 57. Qd6+ Kg7 58. Qd7+ Kh6 59. c7 b2 60. Qe6+ (60. c8=B b1=Q (60... b1=B 61. Qd6+ Bg6 62. Qf8+ Qg7 63. Qxg7+ Kxg7 64. Bf5 $11) 61. Qe6+ Qg6 62. Qxg6+ Kxg6 $19) 60... Kg7 61. Qe7+ (61. c8=B $2 Qd4+ (61... b1=B 62. Qe7+ Kh6 63. Qg5+ Kh7 64. Qh5+ Kg7 65. Qg5+ Bg6 66. Qe5+ Qxe5+ 67. Kxe5 $11) 62. Kg5 Qg1+ (62... b1=B 63. Qe7+ Kh8 64. Qf8+ Kh7 65. Qh6+ Kg8 66. Be6#) 63. Kf4 b1=Q $19 (63... b1=B 64. Qg4+ Qxg4+ 65. Bxg4 $11) (63... Qd4+ $2 64. Kg5 $19)) 61... Kh6 62. Qf8+ Kh7 63. Qf5+ Kg7 64. Qg4+ (64. c8=B $2 Qc1+ (64... Qb4+ 65. Kf3 $15) 65. Kg4 Qd1+ (65... b1=B 66. Qe5+ Kh7 67. Qh5+ Qh6 68. Qf7+ Qg7+ 69. Qxg7+ Kxg7 70. Kg5 $11) (65... b1=R 66. Qd7+ Kf8 67. Qd6+ Ke8 68. Bd7+ Kf7 69. Be6+ Kg6 70. Bc4+ Kh7 71. Qe7+ Kh8 72. Qf8+ Kh7 73. Bd3#) 66. Kh3 b1=Q $19 (66... b1=B 67. Qe5+ Kg6 68. Qe6+ Kg7 69. Qe5+ Kh7 70. Qe3 $11) (66... Qh1+ $2 67. Kg4 $19)) 64... Kh7 65. Qd7+ Kh6 66. Qd6+ (66. c8=B $2 b1=Q (66... b1=B 67. Qe6+ Bg6 68. h5 $11) 67. Qe6+ Qg6 68. Qxg6+ Kxg6 $19) 66... Kh7 67. Qe7+ Kh6 68. Qe6+ Kg7 69. Qd7+ (69. c8=B $2 {is the wrong capture.} Qd4+ (69... b1=B 70. Qe5+ Qxe5+ 71. Kxe5 $11) (69... b1=Q 70. Qe7+ Kh6 71. Qg5+ Kh7 72. Bf5+ $11) 70. Kg5 Qg1+ (70... b1=B 71. Qe7+ Kh8 72. Qf8+ Kh7 73. Qh6+ Kg8 74. Be6#) 71. Kf4 b1=Q $19 (71... b1=B 72. Qe5+ Kh6 73. Qg5+ Qxg5+ 74. hxg5+ Kg6 75. Bd7 $11) (71... Qd4+ 72. Kg5 $19)) 1/2-1/2

[Event "Israel Team Championship 2025"]
[Site "Israel"]
[Date "2025.01.17"]
[Round "3.9"]
[White "Parkhov, Yair"]
[Black "Rechlis, Gad"]
[Result "1-0"]
[Annotator "TA"]
[ECO "E71"]
[WhiteElo "2508"]
[BlackElo "2459"]
[PlyCount "89"]
[EventDate "2025.01.07"]
[EventType "team-tourn"]
[EventCountry "ISR"]
[SourceTitle "playchess.com"]
[Source "ChessBase"]
[SourceQuality "1"]
[TimeControl "40/5400+30:1800+30"]

1. d4 Nf6 2. c4 g6 3. Nc3 Bg7 4. e4 d6 5. h3 O-O 6. Be3 e5 7. d5 a5 8. g4 c6 9. f3 Bd7 10. Qd2 Na6 (10... cxd5 $14 11. cxd5 Na6) 11. h4 cxd5 12. cxd5 a4 13. h5 a3 14. Bxa6 (14. Rb1 {is interesting.} axb2 15. Bb5 Nc5 16. h6) 14... axb2 15. Qxb2 bxa6 16. h6 Bh8 $1 17. Nge2 Rb8 18. Qd2 (18. Qa3 $5) 18... Rb4 19. Rb1 a5 20. a3 Rxb1+ 21. Nxb1 Qc7 22. Nbc3 Rb8 23. O-O Rb3 24. Rb1 Qc4 (24... Rxb1+ $11 25. Nxb1 Ne8) 25. Rxb3 $14 Qxb3 26. Qa2 Qb7 27. Qb1 Qxb1+ (27... Qc7 $1 $14) 28. Nxb1 $16 Ne8 29. Bg5 {[%emt 0:08:08] White is more active.} (29. Nec3 $16) 29... Bf6 (29... f5 $11) 30. Bxf6 Nxf6 {[%emt 0:00:02][%mdl 4096] Endgame KBN-KNN} 31. Nd2 Kf8 32. Nc3 Ke7 33. a4 {[%emt 0:01:42] Threatens to win with Nb3.} Ng8 {[%emt 0:01:28] [#]} ({Black should try} 33... Kd8 $1 $14) 34. Nc4 (34. g5 $1 $18) 34... Nxh6 (34... f6 $16) 35. Nxa5 $18 Kd8 36. Nc6+ Bxc6 37. dxc6 {[%emt 0:00:02] Intending Nd5 and mate. KN-KN} Kc7 {[%emt 0:00:01] [#]} 38. Nd5+ $1 Kxc6 39. Ne7+ $2 (39. Nf6 $18) 39... Kc5 $2 (39... Kd7 $11 40. a5 (40. Nd5 Ng8 $11) 40... f6 (40... Kxe7 $2 {too greedy.} 41. a6 $18)) 40. g5 d5 41. gxh6 d4 42. Kf2 Kb4 43. Ke2 Kxa4 44. Nd5 f5 45. Kd3 1-0

[Event "Israel Team Championship 2025"]
[Site "Israel"]
[Date "2025.01.17"]
[Round "3.10"]
[White "Sherman, Raem"]
[Black "Kobo, Ori"]
[Result "0-1"]
[Annotator "TA"]
[ECO "C50"]
[WhiteElo "2354"]
[BlackElo "2539"]
[PlyCount "106"]
[EventDate "2025.01.07"]
[EventType "team-tourn"]
[EventCountry "ISR"]
[SourceTitle "playchess.com"]
[Source "ChessBase"]
[SourceQuality "1"]
[TimeControl "40/5400+30:1800+30"]

1. e4 e5 2. Nf3 Nc6 3. Bc4 d6 4. Nc3 Na5 5. Be2 c5 6. d3 Nf6 7. Bg5 Be7 8. Bxf6 Bxf6 9. Nd5 Nc6 10. O-O Be6 11. c3 O-O 12. Nd2 Bxd5 13. exd5 Ne7 14. Bf3 Bg5 15. a3 {[%emt 0:05:55] White is weak on the dark squares} f5 16. b4 Qc7 17. c4 Ng6 18. g3 Rae8 19. bxc5 Qxc5 20. Nb3 Qc7 21. Bg2 Nh8 22. Qc2 Nf7 23. a4 g6 24. Rab1 Rc8 25. Qc3 b6 26. Qb4 Nd8 27. a5 Nb7 28. axb6 axb6 29. Ra1 Nc5 30. Nxc5 bxc5 31. Qb5 Qe7 32. Ra6 Rcd8 33. Rfa1 Rf7 34. R1a2 Kg7 35. Qb6 Rd7 36. Qc6 Bf6 37. Rb2 $2 (37. Qa4 $11 {and White stays safe.}) 37... e4 $19 38. Re2 Bd4 $1 {[%emt 0:00:30] and ...Qg5 should not be overlooked} 39. dxe4 fxe4 (39... Qg5 $1 $19 40. Raa2 f4) 40. Bxe4 $2 {[%emt 0:05:23][%mdl 8192] [#]} (40. Qa4 $17 {is more resistant.}) 40... Bxf2+ $1 41. Kg2 {[%emt 0:03:21] [#]} Qf6 $1 {[%emt 0:05:04] Prevents Bf3} 42. Qa4 {[%emt 0:07:53] [#]} (42. Qxd7 $142 Rxd7 43. Rxf2) 42... Bxg3 $1 43. Qd1 {[%emt 0:02:04] Wards off Qf1+} Be5 44. Ra3 Qh4 45. Kh1 {[%emt 0:02:04] [#]} Bxh2 $1 46. Rxh2 Qxe4+ 47. Rg2 Rde7 {[%emt 0:03:42] ( -> ...Qh4+)} 48. Kh2 Qxc4 49. Qh5 Re5 50. Qh3 Qf4+ 51. Rag3 Rxd5 (51... Rff5 $142 52. Kg1 Qd4+ (52... Rxd5 $2 53. Qg4 $19) 53. Kh2 Rh5 (53... Qxd5 $2 54. Rg4 $19) (53... Rxd5 $2 54. Qg4 $19) 54. Rf3 Rxh3+ 55. Rxh3 Qf4+ (55... Qxd5 $2 56. Ra3 $19) (55... Rxd5 $2 56. Ra2 $19) 56. Rhg3 Rh5+ (56... Rxd5 $2 57. Kg1 $19) 57. Kg1 Qc1+ (57... Rxd5 $2 58. Kh1 $19) 58. Kf2 Qd2+ (58... Rxd5 $2 59. Rf3 $19) 59. Kf1 Qd1+ (59... Qxd5 $2 60. Re2 $19) 60. Kf2 Rf5+ (60... Qxd5 $2 61. Rg5 $19) 61. Ke3 Re5+ (61... Qxd5 {gets mated.} 62. Ke2 Re5+ 63. Re3 Qxg2+ 64. Kd3 c4+ 65. Kxc4 Rxe3 66. Kb5 Qb7+ 67. Ka4 Rb3 68. Ka5 Qb5#) 62. Kf2 Qe1+ (62... Qxd5 $2 63. Rf3 $19) 63. Kf3 Rf5+ (63... Rxd5 64. Rxg6+ hxg6 65. Rg4 Rd3+ 66. Kg2 Qe2+ 67. Kh1 Qf1+ 68. Rg1 Qh3#) 64. Kg4 Qe4+ 65. Kh3 Rh5#) 52. Kh1 Rd1+ 53. Kh2 Rd3 0-1

[Event "Israel Team Championship 2025"]
[Site "Israel"]
[Date "2025.01.17"]
[Round "3.11"]
[White "Postny, Evgeny"]
[Black "Bar, Roman"]
[Result "1-0"]
[Annotator "TA"]
[ECO "E11"]
[WhiteElo "2567"]
[BlackElo "2458"]
[PlyCount "85"]
[EventDate "2025.01.07"]
[EventType "team-tourn"]
[EventCountry "ISR"]
[SourceTitle "playchess.com"]
[Source "ChessBase"]
[SourceQuality "1"]
[TimeControl "40/5400+30:1800+30"]

1. d4 Nf6 2. c4 e6 3. Nf3 Bb4+ 4. Nbd2 b6 5. a3 Bxd2+ 6. Bxd2 Bb7 7. e3 O-O 8. Be2 d6 9. O-O Nbd7 10. b4 Ne4 11. Be1 c5 12. Qc2 f5 13. Rd1 Qe7 14. Qb2 Ndf6 15. dxc5 bxc5 16. Nd2 Nxd2 17. Bxd2 Ne4 18. Be1 e5 19. f3 Ng5 20. bxc5 dxc5 21. Qb5 {[%emt 0:09:23] Threatens to win with Rd7. Prevents Bc6.} Rf7 $1 22. Bc3 a6 (22... Rc8 $14) 23. Qb2 $16 Re8 {[%emt 0:01:17] [#]} 24. Qd2 $1 f4 25. e4 Rf6 26. Qd7 Nf7 27. Qxe7 Rxe7 28. Rd2 Rb6 {[%emt 0:03:51] [#]} 29. Ba5 $1 Rc6 30. Rb1 Rc8 31. Rdb2 {[%emt 0:02:02] White is more active.} Bc6 32. Rb6 g5 33. Rxa6 g4 (33... Bb7 $16 {was necessary.} 34. Rab6 Bc6) 34. Rbb6 $18 (34. fxg4 $6 Bxe4 35. Rbb6 Rd7) 34... Ba8 35. Bc3 gxf3 36. gxf3 ({Resist} 36. Bxf3 Rd8 37. Rb5 Ree8 38. Rxc5 Rd3 $18) 36... Ng5 37. Kf1 Rd8 38. Rd6 Rf8 (38... Rxd6 $142 39. Rxd6 Nf7) 39. h4 Nxe4 $2 (39... Nf7 40. Rdb6 Rc8) 40. fxe4 Bxe4 41. Bg4 Bc2 42. Rac6 f3 43. Kf2 1-0